| TOP OF THE 1ST |
|
Trenton Thunder batting - Pitching for Akron RubberDucks : RHP Kensaku Shiba
|
|
Pitching: RHP Kensaku Shiba
|
|
|
Batting: RHB Tim Osborn
|
0-0: Foul Ball, location: 2F 0-1: Called Strike 0-2: Strikes out swinging
|
|
Batting: SHB Ryan Buchbinder
|
0-0: Called Strike 0-1: Ball 1-1: Swinging Strike 1-2: Fly out, F1 (Line Drive, P, EV 77.5 MPH)
|
|
Batting: LHB Bobby Upton
|
0-0: Called Strike 0-1: Ball 1-1: Ball 2-1: Ball 3-1: Fly out, F8 (Flyball, 8RXD, EV 93.1 MPH)
|
| Top of the 1st over - 0 runs, 0 hits, 0 errors, 0 left on base; Trenton 0 - Akron 0 |
| BOTTOM OF THE 1ST |
|
Akron RubberDucks batting - Pitching for Trenton Thunder : RHP Aneirin Cadwallader
|
|
Pitching: RHP Aneirin Cadwallader
|
|
|
Batting: LHB Nick Welling
|
0-0: Ground out U3 (Groundball, 3L, EV 101.9 MPH)
|
|
Batting: LHB Justin Rankin
|
0-0: Ball 1-0: Ball 2-0: Ball 3-0: Called Strike 3-1: Ground out 1-3 (Groundball, 15S, EV 73.1 MPH)
|
|
Batting: RHB Carlos Abrego
|
0-0: Foul Ball, location: 2F 0-1: Foul Ball, location: 2F 0-2: Ball 1-2: Foul Ball, location: 2F 1-2: Ground out 4-3 (Groundball, 4, EV 83.8 MPH)
|
| Bottom of the 1st over - 0 runs, 0 hits, 0 errors, 0 left on base; Trenton 0 - Akron 0 |
| TOP OF THE 2ND |
|
Trenton Thunder batting - Pitching for Akron RubberDucks : RHP Kensaku Shiba
|
|
Batting: RHB Jose Tovar
|
0-0: Fly out, F7 (Line Drive, 78M, EV 91.9 MPH)
|
|
Batting: RHB Larry Martell
|
0-0: Foul Ball, location: 2F 0-1: Called Strike 0-2: Strikes out looking
|
|
Batting: RHB Christian Shearer
|
0-0: Ground out 6-3 (Groundball, 6, EV 96.9 MPH)
|
| Top of the 2nd over - 0 runs, 0 hits, 0 errors, 0 left on base; Trenton 0 - Akron 0 |
| BOTTOM OF THE 2ND |
|
Akron RubberDucks batting - Pitching for Trenton Thunder : RHP Aneirin Cadwallader
|
|
Batting: LHB Costodio Varino
|
0-0: Ball 1-0: Foul Ball, location: 2F 1-1: Foul Ball, location: 2F 1-2: Ball 2-2: Strikes out looking
|
|
Batting: LHB Sam Ogg
|
0-0: Called Strike 0-1: Ball 1-1: Called Strike 1-2: Foul Ball, location: 2F 1-2: Foul Ball, location: 2F 1-2: Strikes out swinging
|
|
Batting: RHB Willie Gonzales
|
0-0: Foul Ball, location: 2F 0-1: Called Strike 0-2: Strikes out swinging
|
| Bottom of the 2nd over - 0 runs, 0 hits, 0 errors, 0 left on base; Trenton 0 - Akron 0 |
| TOP OF THE 3RD |
|
Trenton Thunder batting - Pitching for Akron RubberDucks : RHP Kensaku Shiba
|
|
Batting: RHB Dale Altman
|
0-0: Ball 1-0: Swinging Strike 1-1: Foul Ball, location: 2F 1-2: Strikes out swinging
|
|
Batting: RHB Nazeeh Zubair
|
0-0: Swinging Strike 0-1: Ball 1-1: Ball 2-1: Called Strike 2-2: Ground out 6-3 (Groundball, 6, EV 92.5 MPH)
|
|
Batting: LHB Bart Davies
|
0-0: Ball 1-0: Called Strike 1-1: Called Strike 1-2: Ball 2-2: Ball 3-2: Foul Ball, location: 2F 3-2: Ground out 4-3 (Groundball, 4, EV 79.4 MPH)
|
| Top of the 3rd over - 0 runs, 0 hits, 0 errors, 0 left on base; Trenton 0 - Akron 0 |
| BOTTOM OF THE 3RD |
|
Akron RubberDucks batting - Pitching for Trenton Thunder : RHP Aneirin Cadwallader
|
|
Batting: RHB Eric Kuck
|
0-0: Called Strike 0-1: Ball 1-1: Ball 2-1: SINGLE (Flyball, 8RS, EV 84.4 MPH)
|
|
Batting: RHB Jeremy Givens
|
0-0: Grounds into double play, 5-4-3 (Groundball, 56, EV 86.9 MPH)
|
|
Batting: LHB Yasuo Igarashi
|
0-0: Swinging Strike 0-1: Foul Ball, location: 2F 0-2: Foul Ball, location: 2F 0-2: Strikes out swinging
|
| Bottom of the 3rd over - 0 runs, 1 hit, 0 errors, 0 left on base; Trenton 0 - Akron 0 |
| TOP OF THE 4TH |
|
Trenton Thunder batting - Pitching for Akron RubberDucks : RHP Kensaku Shiba
|
|
Batting: RHB Tim Osborn
|
0-0: Called Strike 0-1: Ball 1-1: Foul Ball, location: 2F 1-2: Fly out, F6 (Popup, 6M, EV 61.9 MPH)
|
|
Batting: SHB Ryan Buchbinder
|
0-0: Foul Ball, location: 2F 0-1: Ball 1-1: Ground out 5-3 (Groundball, 56, EV 81.9 MPH)
|
|
Batting: LHB Bobby Upton
|
0-0: Ball 1-0: Foul Ball, location: 2F 1-1: Ball 2-1: Foul Ball, location: 2F 2-2: Ground out U3 (Groundball, 3, EV 98.1 MPH)
|
| Top of the 4th over - 0 runs, 0 hits, 0 errors, 0 left on base; Trenton 0 - Akron 0 |
| BOTTOM OF THE 4TH |
|
Akron RubberDucks batting - Pitching for Trenton Thunder : RHP Aneirin Cadwallader
|
|
Batting: LHB Nick Welling
|
0-0: Ball 1-0: Ball 2-0: Foul Ball, location: 2F 2-1: Ground out 3-1 (Groundball, 34, EV 91.9 MPH)
|
|
Batting: LHB Justin Rankin
|
0-0: Ground out 5-3 (Groundball, 6, EV 83.8 MPH)
|
|
Batting: RHB Carlos Abrego
|
0-0: Ground out 6-3 (Groundball, 6MS, EV 70.6 MPH)
|
| Bottom of the 4th over - 0 runs, 0 hits, 0 errors, 0 left on base; Trenton 0 - Akron 0 |
| TOP OF THE 5TH |
|
Trenton Thunder batting - Pitching for Akron RubberDucks : RHP Kensaku Shiba
|
|
Batting: RHB Jose Tovar
|
0-0: Ball 1-0: Ball 2-0: Swinging Strike 2-1: Called Strike 2-2: Strikes out swinging
|
|
Batting: RHB Larry Martell
|
0-0: Ground out 6-3 (Groundball, 6, EV 110.0 MPH)
|
|
Batting: RHB Christian Shearer
|
0-0: Swinging Strike 0-1: Swinging Strike 0-2: Foul Ball, location: 2F 0-2: Foul Ball, location: 2F 0-2: Ball 1-2: Strikes out swinging
|
| Top of the 5th over - 0 runs, 0 hits, 0 errors, 0 left on base; Trenton 0 - Akron 0 |
| BOTTOM OF THE 5TH |
|
Akron RubberDucks batting - Pitching for Trenton Thunder : RHP Aneirin Cadwallader
|
|
Batting: LHB Costodio Varino
|
0-0: Ball 1-0: Called Strike 1-1: Ball 2-1: Foul Ball, location: 2F 2-2: Foul Ball, location: 2F 2-2: Ball 3-2: Base on Balls
|
|
Batting: LHB Sam Ogg
|
0-0: Ball 1-0: Ball 2-0: Foul Ball, location: 2F 2-1: SINGLE (Groundball, 4D, EV 98.1 MPH) Costodio Varino to second Runner from 2nd tries for 3rd, SAFE, throw by RF made to third
|
|
Batting: RHB Willie Gonzales
|
0-0: Ball 1-0: Foul Ball, location: 2F 1-1: Ball 2-1: Fielders Choice at 2nd, 4-6 (Groundball, 4, EV 81.2 MPH) Costodio Varino scores
|
|
Batting: RHB Eric Kuck
|
0-0: Foul Ball, location: 2F 0-1: Ball Wild Pitch! Willie Gonzales to second 1-1: Swinging Strike 1-2: Ball 2-2: Ball 3-2: Base on Balls
|
|
Batting: RHB Jeremy Givens
|
0-0: Fly out, F9 (Flyball, 89D, EV 86.9 MPH) Runner from 2nd tags up, SAFE at 3rd, no throw by RF
|
|
Batting: LHB Yasuo Igarashi
|
0-0: SINGLE (Groundball, 4MS, EV 63.1 MPH) (infield hit) Willie Gonzales scores Eric Kuck to second
|
|
Batting: LHB Nick Welling
|
0-0: Called Strike 0-1: Foul Ball, location: 2F 0-2: Ball 1-2: Ball 2-2: DOUBLE (Line Drive, 9LS, EV 95.0 MPH) Eric Kuck scores Yasuo Igarashi to third
|
|
Batting: LHB Justin Rankin
|
0-0: Ball 1-0: SINGLE (Groundball, 56D, EV 95.0 MPH) Yasuo Igarashi scores Nick Welling to third
|
|
Batting: RHB Carlos Abrego
|
0-0: Called Strike 0-1: Ball 1-1: Ball 2-1: Ball 3-1: Fielders Choice at 2nd, U4 (Groundball, 4M, EV 101.2 MPH)
|
| Bottom of the 5th over - 4 runs, 4 hits, 0 errors, 2 left on base; Trenton 0 - Akron 4 |
| TOP OF THE 6TH |
|
Trenton Thunder batting - Pitching for Akron RubberDucks : RHP Kensaku Shiba
|
|
Batting: RHB Dale Altman
|
0-0: Ball 1-0: Called Strike 1-1: Ground out 5-3 (Groundball, 56S, EV 82.5 MPH)
|
|
Batting: RHB Nazeeh Zubair
|
0-0: Ball 1-0: Ball 2-0: Ball 3-0: Called Strike 3-1: Fly out, F8 (Flyball, 89D, EV 82.5 MPH)
|
|
Batting: LHB Bart Davies
|
0-0: Ball 1-0: Foul Ball, location: 2F 1-1: DOUBLE (Groundball, 3L, EV 104.4 MPH)
|
|
Batting: RHB Tim Osborn
|
0-0: Ball 1-0: Foul Ball, location: 2F 1-1: SINGLE (Groundball, 34D, EV 100.0 MPH) Bart Davies to third Runner from 3rd tries for Home, SAFE, throw by RF to home
|
|
Batting: SHB Ryan Buchbinder
|
0-0: Fly out, F9 (Line Drive, 9S, EV 92.5 MPH)
|
| Top of the 6th over - 1 run, 2 hits, 0 errors, 1 left on base; Trenton 1 - Akron 4 |
| BOTTOM OF THE 6TH |
|
Akron RubberDucks batting - Pitching for Trenton Thunder : RHP Aneirin Cadwallader
|
|
Batting: LHB Costodio Varino
|
0-0: SINGLE (Line Drive, 8RS, EV 95.0 MPH)
|
|
Batting: LHB Sam Ogg
|
0-0: Ball 1-0: Ball 2-0: Ball 3-0: Base on Balls Costodio Varino to second
|
|
Batting: RHB Willie Gonzales
|
0-0: Called Strike 0-1: Swinging Strike 0-2: Ball 1-2: Ball 2-2: Ball 3-2: Fielders Choice at 2nd, 6-4 (Groundball, 6M, EV 104.4 MPH) Costodio Varino to third
|
|
Batting: RHB Eric Kuck
|
0-0: Called Strike 0-1: DOUBLE (Line Drive, 78D, EV 108.1 MPH) Costodio Varino scores Willie Gonzales to third
|
|
Batting: RHB Jeremy Givens
|
0-0: Called Strike 0-1: Ball 1-1: Fly out, F4 (Line Drive, 4, EV 74.4 MPH)
|
|
Batting: LHB Yasuo Igarashi
|
0-0: Ball 1-0: Fly out, F4 (Popup, 4, EV 63.1 MPH)
|
| Bottom of the 6th over - 1 run, 2 hits, 0 errors, 2 left on base; Trenton 1 - Akron 5 |
| TOP OF THE 7TH |
|
Trenton Thunder batting - Pitching for Akron RubberDucks : RHP Kensaku Shiba
|
|
Batting: LHB Bobby Upton
|
0-0: Swinging Strike 0-1: SOLO HOME RUN (Line Drive, 9D, EV 98.1 MPH), Distance : 370 ft
|
|
Batting: RHB Jose Tovar
|
0-0: Foul Ball, location: 2F 0-1: Foul Ball, location: 2F 0-2: Ball 1-2: Fly out, F7 (Flyball, 7, EV 88.8 MPH)
|
|
Batting: RHB Larry Martell
|
0-0: Fly out, F8 (Flyball, 78D, EV 110.0 MPH)
|
|
Batting: RHB Christian Shearer
|
0-0: Called Strike 0-1: Foul Ball, location: 2F 0-2: Strikes out swinging
|
| Top of the 7th over - 1 run, 1 hit, 0 errors, 0 left on base; Trenton 2 - Akron 5 |
| BOTTOM OF THE 7TH |
|
Akron RubberDucks batting - Pitching for Trenton Thunder : RHP Aneirin Cadwallader
|
|
Batting: LHB Nick Welling
|
0-0: Foul Ball, location: 2F 0-1: Swinging Strike 0-2: Ball 1-2: Ball 2-2: Ball 3-2: Ground out 6-3 (Groundball, 6, EV 83.8 MPH)
|
|
Batting: LHB Justin Rankin
|
0-0: Fly out, F7 (Line Drive, 78M, EV 99.4 MPH)
|
|
Batting: RHB Carlos Abrego
|
0-0: Swinging Strike 0-1: SINGLE (Line Drive, 9S, EV 108.8 MPH)
|
|
Batting: LHB Costodio Varino
|
0-0: Foul Ball, location: 2F 0-1: Ball 1-1: Fly out, F8 (Flyball, 8LD, EV 86.2 MPH)
|
| Bottom of the 7th over - 0 runs, 1 hit, 0 errors, 1 left on base; Trenton 2 - Akron 5 |
| TOP OF THE 8TH |
|
Trenton Thunder batting - Pitching for Akron RubberDucks : RHP Kensaku Shiba
|
|
Batting: RHB Dale Altman
|
0-0: Called Strike 0-1: Foul Ball, location: 2F 0-2: Ground out 2-3 (Groundball, 2R, EV 75.0 MPH)
|
|
Batting: RHB Nazeeh Zubair
|
0-0: Ground out 5-3 (Groundball, 56, EV 99.4 MPH)
|
|
Batting: LHB Bart Davies
|
0-0: Foul Ball, location: 2F 0-1: SINGLE (Groundball, 6MD, EV 98.1 MPH)
|
|
Batting: RHB Tim Osborn
|
0-0: Ball 1-0: Ground out 1-3 (Groundball, 23, EV 61.2 MPH)
|
| Top of the 8th over - 0 runs, 1 hit, 0 errors, 1 left on base; Trenton 2 - Akron 5 |
| BOTTOM OF THE 8TH |
|
Akron RubberDucks batting - Pitching for Trenton Thunder : RHP Aneirin Cadwallader
|
|
Batting: LHB Sam Ogg
|
0-0: Ball 1-0: Ball 2-0: Called Strike 2-1: Ground out U3 (Groundball, 3, EV 104.4 MPH)
|
|
Batting: RHB Willie Gonzales
|
0-0: Ball 1-0: Ball 2-0: Foul Ball, location: 2F 2-1: Ball 3-1: Base on Balls
|
|
Batting: RHB Eric Kuck
|
0-0: Called Strike 0-1: Ball Willie Gonzales steals 2nd, throwing error, E2 Willie Gonzales to third 1-1: Ball 2-1: Fly out, F7 (Flyball, 78M, EV 95.6 MPH)
|
|
Pitching: LHP George Grady
|
|
|
Batting: RHB Jeremy Givens
|
0-0: Ball 1-0: Ball 2-0: Ball 3-0: Called Strike 3-1: Foul Ball, location: 2F 3-2: Base on Balls
|
|
Batting: LHB Yasuo Igarashi
|
0-0: Ball 1-0: Called Strike 1-1: SINGLE (Groundball, 6S, EV 71.2 MPH) (infield hit) Willie Gonzales scores Jeremy Givens to second
|
|
Batting: LHB Nick Welling
|
0-0: Swinging Strike 0-1: Ball 1-1: Ball 2-1: Foul Ball, location: 2F 2-2: Ball 3-2: Base on Balls Jeremy Givens to third Yasuo Igarashi to second
|
|
Batting: LHB Justin Rankin
|
0-0: Ball 1-0: Fly out, F3 (Popup, 3SF, EV 68.8 MPH)
|
| Bottom of the 8th over - 1 run, 1 hit, 1 error, 3 left on base; Trenton 2 - Akron 6 |
| TOP OF THE 9TH |
|
Trenton Thunder batting - Pitching for Akron RubberDucks : RHP Kensaku Shiba
|
|
Pitching: RHP Mike Shields
|
|
|
Batting: SHB Ryan Buchbinder
|
0-0: Ball 1-0: SINGLE (Groundball, P, EV 88.8 MPH) (infield hit)
|
|
Batting: LHB Bobby Upton
|
0-0: Ball 1-0: Ball 2-0: Ball 3-0: Called Strike 3-1: Foul Ball, location: 2F 3-2: Strikes out swinging
|
|
Batting: RHB Jose Tovar
|
0-0: Ball 1-0: Called Strike 1-1: Swinging Strike 1-2: Strikes out swinging
|
|
Batting: RHB Larry Martell
|
0-0: Ball 1-0: Swinging Strike 1-1: Foul Ball, location: 2F 1-2: Ball 2-2: Strikes out looking
|
| Top of the 9th over - 0 runs, 1 hit, 0 errors, 1 left on base; Trenton 2 - Akron 6 |
|